 Dungeon Crawl Stone Soup version 0.17-a0-1403-g9df874c (webtiles) character file.

255 Frelus the Sneak (level 5, -3/24 HPs)
             Began as a Spriggan Enchanter on June 20, 2015.
             Was a Follower of Nemelex Xobeh.
             Killed by divine providence
             ... invoked by an orc priest
              (13 damage)
             ... on level 4 of the Dungeon.
             The game lasted 00:07:25 (3465 turns).

Frelus the Sneak (Spriggan Enchanter)               Turns: 3465, Time: 00:07:27

Health: -3/24      AC:  4    Str:  5    XL:     5   Next: 91%
Magic:  9/10       EV: 18    Int: 16    God:    Nemelex Xobeh [*.....]
Gold:   222        SH:  0    Dex: 17    Spells: 3 memorised, 3 levels left

rFire  . . .     SeeInvis +     a - +1 dagger
rCold  . . .     Clarity  .     b - +1 robe
rNeg   . . .     SustAt   .     (shield restricted)
rPois  .         Gourm    .     (helmet restricted)
rElec  .         Spirit   .     j - +0 cloak
rCorr  .         Warding  .     (gloves unavailable)
rMut   .         Stasis   .     (boots unavailable)
MR     .....                    (no amulet)
Stlth  +++++.....               (no ring)
                                l - ring of stealth

@: very quick, not resistant to hostile enchantments, quite stealthy
A: unfitting armour, see invisible, herbivore 3, speed 3, slow metabolism 2
a: Renounce Religion


You were on level 4 of the Dungeon.
You worshipped Nemelex Xobeh.
Nemelex Xobeh was aware of your devotion.
You were not hungry.

You visited 1 branch of the dungeon, and saw 4 of its levels.

You collected 222 gold pieces.

Inventory:

Hand weapons
 a - a +1 dagger (weapon)
 h - a +0 vampiric dagger
Armour
 b - a +1 robe (worn)
 j - a +0 cloak (worn)
Jewellery
 l - a ring of stealth (left hand)
Scrolls
 e - a scroll of identify {unknown}
 f - 2 scrolls of fog {unknown}
 i - a scroll of enchant weapon {unknown}
 m - a scroll of immolation {unknown}
 o - 2 scrolls of blinking {unknown}
 p - a scroll of noise {unknown}
 r - a scroll of teleportation {unknown}
 s - a scroll of amnesia {unknown}
 t - 2 scrolls of fear {unknown}
 x - a scroll of remove curse {unknown}
 y - a scroll of enchant armour {unknown}
Potions
 g - 2 potions of agility {unknown}
 k - a potion of magic {unknown}
 n - a potion of cure mutation {unknown}
 q - 2 potions of poison {unknown}
 u - a potion of flight {unknown}
 A - a potion of berserk rage {unknown}
Books
 c - a book of Maledictions

   Spells                             Type                      Level
   a - Corona                         Hexes                        1
   b - Ensorcelled Hibernation        Hexes/Ice                    2
   c - Confuse                        Hexes                        3
   d - Tukima's Dance                 Hexes                        3
   e - Dazzling Spray                 Conjuration/Hexes            3
Miscellaneous
 v - a plain deck of changes
 w - a plain deck of destruction
Comestibles
 d - 2 bread rations
 z - a slice of pizza


   Skills:
 + Level 4.8 Short Blades
 - Level 3.0 Dodging
 + Level 7.7 Stealth
 - Level 2.6 Spellcasting
 - Level 3.6 Hexes


You had 3 spell levels left.
You knew the following spells:

 Your Spells              Type           Power        Failure   Level  Hunger
a - Corona                Hex            ##.....      6%          1    #......
b - Ensorcelled Hibernat  Hex/Ice        #.....       17%         2    ##.....
c - Confuse               Hex            ##......     14%         3    ###....


Dungeon Overview and Level Annotations

Branches:
Dungeon (4/15)
 Temple: D:4-7

Altars:
Nemelex Xobeh
Ru
Yredelemnul
The Shining One

Annotations:
D:1 exclusion: downstairs


Innate Abilities, Weirdness & Mutations

You are tiny and cannot use many weapons and most armour.
You have supernaturally acute eyesight.
You are a herbivore.
You cover ground extremely quickly.
You need consume almost no food.


Message History

There is an open door, spattered with blood here.
Things that are here:
a flail; an orc corpse You barely miss the orc.
The orc hits you.
You hit the orc.
The orc is moderately wounded.
You completely miss the orc.
The orc is moderately wounded.
The orc closely misses you.
The orc priest calls down the wrath of Beogh upon you.
Something smites you!
Ouch! That really hurt!
You hit the orc but do no damage.
The orc is moderately wounded.
The orc closely misses you.
The orc priest calls down the wrath of Beogh upon you.
Something smites you!
Ouch! That really hurt!
You die...
Your body disappears without a glow.

.......#.##.......#...#.##..# #
...##..#.##..####.#...#.##o.#.#
...##..#.##.................#.#
...##..#.###.######...........#
...##..#.# #.### #>#.#.##..#.#
...##..#.###...# #.#.#.##..#.###
...##..........# #..............
...............####.###.##..#.###
.............†)@ooo........#.#
...%....##....####......#..# #
####.##.##....###..........#
#####.##.##...................
................##..###..#....#
#####.##.##...................#
......##.##...................
#####.##......................
###################...


You could see an orc priest, an orc wizard and an orc.

Vanquished Creatures
  A scorpion (D:4)
  An orc priest (D:4)
  6 gnolls
  3 adders
  An ooze (D:3)
  An adder skeleton (D:4)
  2 worms (D:2)
  2 giant geckos (D:3)
  An orc (D:4)
  A ball python (D:2)
  8 giant cockroaches
  10 goblins
  8 hobgoblins
  6 jackals
  9 kobolds
  A quokka (D:3)
  10 bats
  5 giant newts
  11 rats
  A spectral orc (D:2)
88 creatures vanquished.

Notes
Turn   | Place    | Note
--------------------------------------------------------------
     0 | D:1      | Frelus the Spriggan Enchanter began the quest for the Orb.
     0 | D:1      | Reached XP level 1. HP: 9/9 MP: 5/5
   328 | D:1      | Reached XP level 2. HP: 13/13 MP: 6/6
   338 | D:1      | Learned a level 2 spell: Ensorcelled Hibernation
   375 | D:1      | Reached skill level 5 in Stealth
  1039 | D:2      | Reached XP level 3. HP: 16/16 MP: 8/8
  1384 | D:2      | Found a sacrificial altar of Ru.
  1756 | D:2      | Reached XP level 4. HP: 17/21 MP: 5/9
  1764 | D:2      | Reached skill level 6 in Stealth
  2131 | D:2      | Found a basalt altar of Yredelemnul.
  2426 | D:3      | Found a sparkling altar of Nemelex Xobeh.
  2437 | D:3      | Became a worshipper of Nemelex Xobeh the Trickster
  2477 | D:3      | Received a gift from Nemelex Xobeh
  2861 | D:3      | Reached XP level 5. HP: 24/24 MP: 10/10
  2918 | D:3      | Reached skill level 7 in Stealth
  3246 | D:4      | Learned a level 3 spell: Confuse
  3268 | D:4      | Found a glowing golden altar of the Shining One.
  3465 | D:4      | Killed from afar by an orc priest

Vault maps used:
D:1:      dpeg_arrival_round_b, minivault_11, grunt_decor_fettered
D:2:      overflow_temple_1_default, yredelemnul_forgotten_temple_becter,
          kennysheep_generic_room_16
D:3:      nemelex_deck, first_bread
D:4:      lemuel_round_altar, serial_curves, eino_curves_04, eino_curves_04,
          makhleb_altar_promises_db

Action                   |  1- 3 |  4- 6 || total
-------------------------+-------+-------++-------
Melee: Dagger            |   124 |   121 ||   245
 Cast: Ensorcelled Hiber |    10 |    13 ||    23
 Stab: Sleeping          |    23 |    23 ||    46
       Distracted        |       |     2 ||     2
  Eat: Bread ration      |       |     1 ||     1
